 Dungeon Crawl Stone Soup version 0.25-a0-510-ge065f6de7d (webtiles) character file.

Game seed: 12543844305055003198, levelgen mode: deterministic

65595 DerDa the Destroyer (level 14, 0/111 HPs)
             Began as a Demonspawn Fire Elementalist on Feb 15, 2020.
             Was a High Priest of Sif Muna.
             Slain by an orc knight
             ... wielding a +1 long sword of holy wrath
              (32 damage)
             ... on level 2 of the Orcish Mines.
             The game lasted 01:53:38 (22743 turns).

DerDa the Destroyer (Demonspawn Fire Elementalist) Turns: 22743, Time: 01:53:45

Health: 0/111      AC: 10    Str:  8    XL:     14   Next: 76%
Magic:  0/35       EV: 22    Int: 20    God:    Sif Muna [*****.]
Gold:   4568       SH: 10    Dex: 21    Spells: 26/36 levels left

rFire    x x .     SeeInvis .   b - +0 spear (venom)
rCold    + . .     Gourm    .   H - +0 buckler
rNeg     . . .     Faith    .   e - +2 robe {Archmagi}
rPois    +         Spirit   +   V - +1 helmet
rElec    +         Reflect  +   W - scarf {repulsion}
rCorr    .         Harm     .   (no gloves)
MR       +....     Clarity  +   L - +1 pair of boots
Stlth    +++.......             I - amulet "Vuad Etz" {Reflect +Blink rPois rF- SH+4}
HPRegen  0.28/turn              P - ring of ice
MPRegen  0.24/turn              D - ring of magical power

@: agile, repel missiles
A: claws 2, slimy green scales 1, clarity, low mp 1, powered by pain 3, robust
1, electricity resistance, magic shield
a: Channel Magic, Forget Spell, Divine Exegesis, Renounce Religion, Evoke Blink


You were on level 2 of the Orcish Mines.
You worshipped Sif Muna.
Sif Muna was extremely pleased with you.
You were near starving.

You visited 5 branches of the dungeon, and saw 21 of its levels.
You also visited: Ossuary and Ice Cave.

You collected 4755 gold pieces.
You spent 187 gold pieces at shops.

Inventory:

Hand Weapons
 b - a +0 spear of venom (weapon)
 t - a +2 long sword of freezing
 Y - the cursed +3 war axe of the Vanishing Spirits {venom, rC- Str+10 Int+4 Stlth-, unknown}
   (You bought it in a shop on level 2 of the Orcish Mines)

   It poisons the flesh of those it strikes.
   It affects your strength (+10).
   It affects your intelligence (+4).
   It makes you vulnerable to cold.
   It makes you less stealthy.
   It has a curse placed upon it.
Missiles
 u - 69 poisoned darts (quivered)
Armour
 e - a +2 robe of the Archmagi (worn)
 F - the +1 robe "Qiaboa" {Regen+ rCorr Int+4}
   (You found it in an ice cave)

   It affects your intelligence (+4).
   It increases your rate of regeneration.
   It provides partial protection from all sources of acid and corrosion.
   If you switch to wearing this armour, your AC will decrease by 1 (10 -> 9).
 H - a +0 buckler (worn)
 L - a +1 pair of boots (worn)
 V - a +1 helmet (worn)
 W - a scarf of repulsion (worn)
Magical Staves
 a - an uncursed staff of wizardry
Jewellery
 i - a +3 ring of evasion
 o - an uncursed ring of protection from cold
 w - an uncursed amulet of the gourmand {unknown}
 y - an uncursed ring of ice
 D - a ring of magical power (right claw)
 I - the amulet "Vuad Etz" (around neck) {Reflect +Blink rPois rF- SH+4}
   (You found it on level 6 of the Dungeon)

   [amulet of reflection]

   It shields you and reflects attacks.
   It makes you vulnerable to fire.
   It protects you from poison.
   It lets you blink.
   It affects your SH (+4).
 M - an uncursed ring of positive energy
 P - a ring of ice (left claw)
 X - an uncursed ring of protection from cold
Wands
 d - a wand of iceblast (5)
 h - a wand of polymorph (3)
 l - a wand of acid (17)
 B - a wand of paralysis (16)
 E - a wand of flame (39)
 K - a wand of disintegration (13)
Scrolls
 f - 6 scrolls of teleportation
 j - 3 scrolls of fog
 q - a scroll of fear
 x - 5 scrolls of enchant weapon
 z - 5 scrolls of enchant armour
 A - 9 scrolls of remove curse
 J - 4 scrolls of blinking
 O - 3 scrolls of immolation
 S - 3 scrolls of magic mapping
 U - 2 scrolls of amnesia
 Z - 3 scrolls of torment {unknown}
Potions
 g - 4 potions of flight
 k - 5 potions of magic
 p - 3 potions of brilliance {unknown}
 r - 13 potions of curing
 s - 4 potions of might {unknown}
 v - 5 potions of heal wounds
 G - 4 potions of agility
 N - 3 potions of degeneration {unknown}
 Q - a potion of resistance
 R - a potion of haste
 T - 2 potions of invisibility
Miscellaneous
 n - a lightning rod (4/4)
 C - a fan of gales
Comestibles
 c - 29 rations
 m - 7 chunks of flesh


   Skills:
 + Level 6.8 Fighting
 + Level 6.6 Dodging
 - Level 1.7 Stealth
 - Level 4.0 Shields
 * Level 11.8 Spellcasting
 * Level 12.5 Conjurations
 * Level 11.8 Fire Magic
 + Level 9.0 Invocations
 + Level 8.2 Evocations


You had 26 spell levels left.
You knew the following spells:

 Your Spells              Type           Power        Failure   Level  Hunger
a - Foxfire               Conj/Fire      ####         1%          1    None
b - Sticky Flame          Conj/Fire      ######..     1%          4    #......
c - Fireball              Conj/Fire      ######....   1%          5    ####...

Your spell library contained the following spells:

 Spells                   Type           Power        Failure   Level  Hunger
 Magic Dart               Conj           ####         1%          1    None
 Searing Ray              Conj           ######       1%          2    None
 Conjure Flame            Conj/Fire      ######..     1%          3    None
 Dazzling Flash           Conj/Hex       ######       1%          3    None
 Inner Flame              Hex/Fire       ######..     1%          3    None
 Ignite Poison            Fire/Tmut/Pois #####...     3%          3    None
 Mephitic Cloud           Conj/Pois/Air  #####...     3%          3    None
 Fulminant Prism          Conj/Hex       ######....   4%          4    #......
 Iskenderun's Mystic Bla  Conj/Tloc      ######..     4%          4    #......
 Animate Skeleton         Necr           N/A          6%          1    None
 Apportation              Tloc           ###...       6%          1    None
 Beastly Appendage        Tmut           ###...       6%          1    None
 Corona                   Hex            ###....      6%          1    None
 Freeze                   Ice            ####         6%          1    None
 Sting                    Tmut/Pois      ###.         6%          1    None
 Summon Small Mammal      Summ           ###.         6%          1    None
 Blink                    Tloc           N/A          9%          2    None
 Call Imp                 Summ           ###.....     9%          2    None
 Ensorcelled Hibernation  Hex/Ice        ####..       9%          2    None
 Poisonous Vapours        Pois/Air       ###...       9%          2    None
 Slow                     Hex            ###.....     9%          2    None
 Sticks to Snakes         Tmut           ###.....     9%          2    None
 Confusing Touch          Hex            ###.....     17%         3    None
 Frozen Ramparts          Ice            ####..       17%         3    None
 Gell's Gravitas          Tloc           ###.......   17%         3    None
 Ozocubu's Armour         Chrm/Ice       ####....     17%         3    None
 Portal Projectile        Hex/Tloc       ###...       17%         3    None
 Spider Form              Tmut/Pois      ###.......   17%         3    None
 Cause Fear               Hex            ###.......   50%         4    #......
 Ice Form                 Ice/Tmut       ####....     50%         4    #......
 Olgreb's Toxic Radiance  Pois           ###.....     50%         4    #......
 Petrify                  Tmut/Erth      ###.....     50%         4    #......
 Blade Hands              Tmut           ###.......   85%         5    ####...
 Metabolic Englaciation   Hex/Ice        ####......   85%         5    ####...
 Yara's Violent Unravell  Hex/Tmut       ###.......   85%         5    ####...
 Dispersal                Tloc           ###.......   100%        6    ######.
 Ozocubu's Refrigeration  Ice            ####......   100%        6    ######.


Dungeon Overview and Level Annotations

Branches:
Dungeon (11/15)            Temple (1/1) D:6            Lair (6/6) D:10
  Swamp (0/4) Lair:3        Snake (0/4) Lair:3        Slime (1/5) Lair:5
    Orc (1/2) D:11            Elf (0/3) Orc:2       Ossuary (visited)
  IceCv (visited)

Altars:
Ashenzari
Cheibriados
Dithmenos
Elyvilon
Fedhas
Gozag
Hepliaklqana
Kikubaaqudgha
Makhleb
Nemelex Xobeh
Okawaru
Qazlal
Ru
Sif Muna
Trog
Uskayaw
Vehumet
Wu Jian
Xom
Yredelemnul
Zin
The Shining One
Beogh
Jiyva

Shops:
D:7 [   Orc:1 *   Orc:2 (%*(

Portals:
Trove: D:10 (give 8 potions of haste)

Annotations:
D:4 Eustachio
Lair:6 3 runed translucent doors, Soborki's ghost, journeyman MiBe


Innate Abilities, Weirdness & Mutations

You have very sharp fingernails.
You are partially covered in slimy green scales. (AC +2)
You are powered by pain.
When hurt, damage is shared between your health and your magic reserves.
You possess an exceptional clarity of mind.
Your magical capacity is low. (-10% MP)
You are robust. (+10% HP)
You are resistant to electric shocks. (rElec)


Message History

Aim: an orc knight, wielding a +1 long sword of holy wrath and wearing a +0 chain mail (severely wounded, covered in liquid flames)
You reach to attack!
You hit the orc knight but do no damage.
The orc knight is poisoned.
The orc knight is severely wounded.
The orc knight burns!
An orc knight comes into view. It is wielding a +0 dire flail.
The orc knight hits you with a +1 long sword of holy wrath!
You focus on the pain.
You feel your power returning.
You convulse!
The orc knight burns!
The orc knight roars a battlecry!
The orc knight goes into a battle-frenzy!
You are near starving!
The orc knight burns!
The orc knight hits you with a +1 long sword of holy wrath!!
* * * LOW HITPOINT WARNING * * *
You focus on the pain.
You feel agile all of a sudden.
You convulse!!!
You die...

......................#
.......................#
................o......# .#
.......................# ##.#
#...............o....... ...#
#.....................# #..##
##..........#..........# #....
#...............o......# #..##
#......).......@......# #..#
###...................######..##
#.))................)).).).)..
##..................))).))).))
#..................).)....).#
##.......................)[.#
##...........................
##...........................#
#............................#


You could see 3 orc knights.

Vanquished Creatures
  A frost giant (IceCv)
  A dire elephant (Lair:6)
  An ettin (Orc:2)
  An ogre mage (Orc:2)
  Fannar (D:11)
  2 hydras
  Erica (D:8)
  A two-headed ogre (D:9)
  A merfolk avatar (Lair:6)
  An orc high priest (Orc:2)
  5 skeletal warriors
  2 unseen horrors (D:10)
  9 orc knights (Orc:2)
  3 orc sorcerers (Orc:2)
  3 ugly things
  An oklob plant (Lair:4)
  A cyclops (D:11)
  3 manticores (Lair:6)
  5 black mambas
  5 elephants
  A centaur zombie (D:11)
  6 rime drakes (Lair:6)
  An ice statue (IceCv)
  Psyche (D:9)
  9 spiny frogs
  6 komodo dragons
  A troll (D:8)
  25 polar bears
  14 blink frogs
  A hornet (Lair:5)
  A bog body (Lair:3)
  5 slime creatures
  A wind drake (Lair:6)
  9 hippogriffs
  A shadow (D:10)
  2 wraiths (D:10)
  3 wyverns
  49 yaks
  Grum (D:8)
  A basilisk (Lair:4)
  11 water moccasins
  6 wargs (Orc:2)
  Menkaure (D:4)
  8 porcupines
  An acid dragon (D:10)
  28 orc warriors
  3 phantoms
  9 ogres
  11 ice beasts
  2 sky beasts
  17 wolves
  4 centaurs
  14 crocodiles
  2 big kobolds
  24 bullfrogs
  A gnoll sergeant (D:7)
  Blork the orc (D:4)
  A wyvern skeleton (D:10)
  3 scorpions
  22 killer bees
  9 wights (D:10)
  3 howler monkeys
  6 crimson imps
  2 quasits (D:7)
  4 bullfrog zombies
  11 orc priests
  A centaur skeleton (D:4)
  4 hounds
  4 jellies
  15 orc wizards
  2 iguanas (D:5)
  An iron imp (D:7)
  13 worker ants
  A killer bee zombie (D:7)
  A bullfrog simulacrum (D:9)
  A hound zombie (D:11)
  8 mummies (Ossuary)
  4 gnolls (D:7)
  13 adders
  A shadow imp (D:5)
  5 white imps (D:9)
  An ufetubus (D:9)
  5 oozes (D:11)
  An adder skeleton (D:5)
  A worm (D:5)
  4 dart slugs
  3 leopard geckos
  76 orcs
  5 bats
  10 giant cockroaches
  9 goblins
  3 hobgoblins
  3 jackals (D:4)
  4 quokkas
  A ball python (D:5)
  9 frilled lizards
  2 gnoll zombies (Ossuary)
  3 hobgoblin zombies (Ossuary)
  14 kobolds
  3 kobold zombies (Ossuary)
  A quokka zombie (D:6)
  6 rats
  2 fungi
  A plant (D:10)
631 creatures vanquished.

Vanquished Creatures (others)
  Sonja (D:10)
  7 yaks (IceCv)
  An orc warrior (Orc:2)
  5 wolves (IceCv)
  1206 foxfires
  3 fungi
  7 plants
1230 creatures vanquished.

Grand Total: 1861 creatures vanquished

Notes
Turn   | Place    | Note
-------+----------+-------------------------------------------
     0 | D:1      | DerDa the Demonspawn Fire Elementalist began the quest for
                  | the Orb.
     0 | D:1      | Reached XP level 1. HP: 13/13 MP: 3/3
   245 | D:1      | Gained mutation: When hurt, damage is shared between your
                  | health and your magic reserves. [demonic ancestry]
   245 | D:1      | Reached XP level 2. HP: 9/19 MP: 0/5
  1192 | D:2      | Gained mutation: You sometimes gain a little power by
                  | taking damage. [demonic ancestry]
  1192 | D:2      | Reached XP level 3. HP: 20/24 MP: 3/6
  1301 | D:2      | Reached skill level 2 in Conjurations
  1828 | D:3      | Reached XP level 4. HP: 30/30 MP: 5/8
  1955 | D:2      | Gained mutation: You are partially covered in slimy green
                  | scales. (AC +2) [demonic ancestry]
  1955 | D:2      | Reached XP level 5. HP: 13/35 MP: 1/9
  2173 | D:3      | Found a sparkling altar of Nemelex Xobeh.
  2638 | D:3      | Learned a level 4 spell: Sticky Flame
  2644 | D:3      | Learned a level 5 spell: Fireball
  2645 | D:4      | Noticed Menkaure
  2654 | D:4      | Noticed Blork the orc
  2888 | D:4      | Killed Blork the orc
  2888 | D:4      | Reached skill level 3 in Conjurations
  2917 | D:4      | Noticed Eustachio
  2953 | D:4      | Killed Menkaure
  2953 | D:4      | Gained mutation: You have sharp fingernails. [demonic
                  | ancestry]
  2953 | D:4      | Reached XP level 6. HP: 41/41 MP: 6/11
  3156 | D:4      | Found a glowing golden altar of the Shining One.
  3232 | D:4      | Reached skill level 4 in Conjurations
  3331 | D:4      | Gained mutation: You sometimes gain power by taking damage.
                  | [demonic ancestry]
  3331 | D:4      | Reached XP level 7. HP: 46/46 MP: 6/13
  3735 | D:5      | Entered Level 5 of the Dungeon
  3963 | D:5      | Reached skill level 5 in Fire Magic
  4435 | D:5      | Reached skill level 5 in Spellcasting
  4435 | D:5      | Reached skill level 5 in Conjurations
  4975 | D:5      | Gained mutation: You are powered by pain. [demonic
                  | ancestry]
  4975 | D:5      | Reached XP level 8. HP: 52/52 MP: 13/15
  5128 | D:5      | Reached skill level 1 in Shields
  5128 | D:5      | Reached skill level 1 in Evocations
  5316 | D:6      | Got a scorched ivory amulet
  5318 | D:6      | Identified the amulet "Vuad Etz" {Reflect +Blink rPois rF-
                  | SH+4} (You found it on level 6 of the Dungeon)
  5336 | D:6      | Found a staircase to the Ecumenical Temple.
  5364 | Temple   | Entered the Ecumenical Temple
  5396 | Temple   | Became a worshipper of Sif Muna the Loreminder
  5694 | D:6      | Reached skill level 6 in Conjurations
  6108 | D:6      | Reached XP level 9. HP: 50/57 MP: 16/18
  6211 | D:6      | Found a glowing silver altar of Zin.
  6455 | D:7      | Found a snail-covered altar of Cheibriados.
  6698 | D:6      | Reached * piety under Sif Muna
  6783 | D:7      | Found a sand-covered staircase.
  6793 | Ossuary  | Entered an ossuary
  7098 | D:7      | Found a hazy altar of Hepliaklqana.
  7408 | D:7      | Found Coisarche's Armour Boutique.
  7529 | D:7      | Found a basalt altar of Yredelemnul.
  7536 | D:7      | Found a hide-covered altar of Uskayaw.
  7541 | D:7      | Found an opulent altar of Gozag.
  7548 | D:7      | Found an ancient bone altar of Kikubaaqudgha.
  7553 | D:7      | Found a stormy altar of Qazlal.
  7564 | D:7      | Found a sacrificial altar of Ru.
  7574 | D:7      | Found a white marble altar of Elyvilon.
  7974 | D:8      | Reached skill level 7 in Conjurations
  8112 | D:8      | Reached ** piety under Sif Muna
  8130 | D:8      | Noticed Grum
  8163 | D:8      | Killed Grum
  8333 | D:8      | Noticed Erica
  8344 | D:8      | Killed Erica
  8344 | D:8      | Gained mutation: You have very sharp fingernails. [demonic
                  | ancestry]
  8344 | D:8      | Reached XP level 10. HP: 44/63 MP: 16/21
  8620 | D:8      | Identified a scroll of acquirement
  8621 | D:8      | Identified the +0 pair of gloves of Okawaru's Supremacy
                  | {*Slow rElec rN+ Int+6} (You acquired it on level 8 of the
                  | Dungeon)
  8621 | D:8      | Identified Mair's Reference Book on Ashen Damage Dealing
                  | (You acquired it on level 8 of the Dungeon)
  8651 | D:9      | Reached skill level 8 in Conjurations
  8828 | D:9      | Noticed Psyche
  8842 | D:9      | Killed Psyche
  9226 | D:9      | Reached skill level 1 in Invocations
  9246 | D:9      | Reached skill level 1 in Fighting
  9579 | D:9      | Noticed a cyan ugly thing
  9595 | D:9      | Killed a cyan ugly thing
  9671 | D:9      | Reached XP level 11. HP: 31/72 MP: 3/23
  9696 | D:9      | Reached *** piety under Sif Muna
  9862 | D:9      | Noticed a two-headed ogre
  9867 | D:9      | Killed a two-headed ogre
  9867 | D:9      | Reached skill level 9 in Conjurations
 10289 | D:10     | Entered Level 10 of the Dungeon
 10300 | D:10     | Noticed an unseen horror
 10300 | D:10     | Killed an unseen horror
 10300 | D:10     | Reached skill level 5 in Evocations
 10623 | D:10     | Noticed Sonja
 10626 | D:10     | Killed Sonja
 10627 | D:10     | Found a staircase to the Lair.
 10962 | D:10     | Found a portal to a secret trove of treasure.
 11269 | D:10     | Reached **** piety under Sif Muna
 11429 | D:10     | Noticed an unseen horror
 11434 | D:10     | Killed an unseen horror
 11511 | D:11     | Noticed a brown ugly thing
 11523 | D:10     | Killed a brown ugly thing
 11614 | D:11     | Noticed a white ugly thing
 11618 | D:11     | Killed a white ugly thing
 11647 | D:11     | Noticed a skeletal warrior
 11691 | D:11     | Noticed a skeletal warrior
 11697 | D:11     | Killed a skeletal warrior
 11700 | D:11     | Noticed a skeletal warrior
 11720 | D:11     | Killed a skeletal warrior
 11726 | D:11     | Noticed a skeletal warrior
 11733 | D:11     | Noticed a skeletal warrior
 11755 | D:10     | Killed a skeletal warrior
 11755 | D:10     | Reached XP level 12. HP: 65/83 MP: 5/25
 11756 | D:10     | Reached skill level 10 in Conjurations
 11906 | D:11     | Reached skill level 5 in Invocations
 12089 | D:11     | Noticed Fannar
 12094 | D:11     | Killed Fannar
 12572 | D:11     | Found a staircase to the Orcish Mines.
 13045 | Lair:1   | Entered Level 1 of the Lair of Beasts
 13300 | Lair:1   | Reached skill level 10 in Fire Magic
 13786 | Lair:1   | Noticed a six-headed hydra
 13789 | Lair:1   | Killed a six-headed hydra
 13789 | Lair:1   | Reached skill level 10 in Spellcasting
 14784 | Lair:3   | Found a staircase to the Snake Pit.
 15031 | Lair:3   | Reached skill level 5 in Dodging
 15053 | Lair:3   | Reached ***** piety under Sif Muna
 15081 | Lair:3   | Reached skill level 5 in Fighting
 15251 | Lair:3   | Reached XP level 13. HP: 82/91 MP: 26/27
 15519 | Lair:3   | Received a gift from Sif Muna
 15706 | Lair:3   | Found a staircase to the Swamp.
 15710 | Lair:3   | Reached skill level 11 in Conjurations
 15947 | Lair:4   | Found a frozen archway.
 16061 | IceCv    | Entered an ice cave
 17336 | IceCv    | Noticed a frost giant
 17365 | IceCv    | Killed a frost giant
 17410 | IceCv    | Identified the Collected Works on Ice
 17421 | IceCv    | Got an ichor-stained robe
 18018 | Lair:4   | Gained mutation: You are resistant to electric shocks.
                  | (rElec) [potion of mutation]
 18018 | Lair:4   | Gained mutation: You are robust. (+10% HP) [potion of
                  | mutation]
 18018 | Lair:4   | Gained mutation: Your magical capacity is low. (-10% MP)
                  | [potion of mutation]
 18018 | Lair:4   | Gained mutation: You possess an exceptional clarity of
                  | mind. [potion of mutation]
 18911 | Lair:5   | Reached XP level 14. HP: 110/110 MP: 10/26
 18942 | Lair:5   | Identified the +1 robe "Qiaboa" {Regen+ rCorr Int+4} (You
                  | found it in an ice cave)
 19093 | Lair:5   | Found a viscous altar of Jiyva.
 19095 | Lair:5   | Found a staircase to the Slime Pits.
 19218 | Slime:1  | Entered Level 1 of the Pits of Slime
 19348 | Lair:6   | Entered Level 6 of the Lair of Beasts
 19349 | Lair:6   | Noticed Soborki's ghost (journeyman MiBe)
 19513 | Lair:6   | Identified Vuucwix's Papyrus of Displaced Hexes (Sif Muna
                  | gifted it to you on level 6 of the Lair of Beasts)
 19513 | Lair:6   | Received a gift from Sif Muna
 19999 | Lair:5   | Reached skill level 12 in Conjurations
 20932 | Lair:6   | Found a runed translucent gate.
 20935 | Lair:6   | Found a runed translucent gate.
 20939 | Lair:6   | Found a runed translucent gate.
 21312 | Orc:1    | Entered Level 1 of the Orcish Mines
 21313 | Orc:1    | Found Gurghoed's Assorted Antiques.
 21314 | Orc:1    | You fall into a shaft and drop 1 floor!
 21314 | Orc:2    | Entered Level 2 of the Orcish Mines
 21329 | Orc:2    | Found Wont's Antique Weapon Boutique.
 21766 | Orc:2    | Found a staircase to the Elven Halls.
 21785 | Orc:2    | Bought a smoking war axe for 187 gold pieces
 21842 | Orc:2    | Found Veitiled's Assorted Antiques.
 21842 | Orc:2    | Found Zeufusott's Food Emporium.
 21867 | Orc:2    | Found a roughly hewn altar of Beogh.
 22698 | Orc:2    | Found Emagav's Antique Weapon Boutique.
 22709 | Orc:2    | Received a gift from Sif Muna
 22743 | Orc:2    | Slain by an orc knight

Levels and vault maps discovered:
D:1:      dpeg_arrival_simpleton_c, layout_loops_corners
D:2:      layout_loops_cross
D:3:      layout_loops_ring, lemuel_crystal_altar, first_ration, minivault_14
D:4:      layout_basic, serial_bayou, serial_bayou_shore_a, serial_bayou_pond_d,
          serial_bayou_pond_b, serial_bayou_pond_c, tso_metal_star,
          uniq_menkaure, uniq_eustachio, uniq_blork_the_orc
D:5:      layout_loops_ring, abandoned_shop
D:6:      layout_loops_cross, zin_statuary, minmay_temple_entry_tees
D:7:      wander_river, layout_loops_ring, slow_altar_1,
          grunt_temple_overflow_octagram, basic_altar,
          chequers_ossuary_entry_cave, serial_shops, kennysheep_mini
D:8:      layout_gridville, due_unseen_surprise, uniq_erica, uniq_grum
D:9:      layout_basic, serial_ice, serial_ice_b, serial_ice_e, serial_ice_g,
          serial_ice_h, serial_ice_c, uniq_psyche
D:10:     minmay_general_purpose_star, layout_rooms, dpeg_oklobed_lair,
          enter_trove_2, uniq_sonja
D:11:     layout_loops_corners, orc_0_dummy, hangedman_little_slice_of_home,
          kennysheep_decorative_pillar, uniq_fannar
Temple:   minmay_temple_bridge_abc
Lair:1:   layout_layer_cave, grunt_megastairs_5
Lair:2:   layout_gridlike
Lair:3:   layout_gridlike, skrybe_swamp_entry_bodies, dummy_snake_entry,
          infiniplex_staircase_pool, serial_bayou_shore_b, lemuel_fruit_tree
Lair:4:   layout_roguey, portal_ice_cave_entry_ice_beasts, grunt_megastairs_4
Lair:5:   layout_cave_shapes, slime_altar_1
Lair:6:   gammafunk_lair_ancient_temple, layout_cave_shapes,
          maelrawn_ghost_gauntlet_escape
Slime:1:  layout_caves
Orc:1:    layout_caves, serial_shops, nicolae_shop_window_shopping
Orc:2:    st_orc_town, layout_diamond_mine, serial_shops, shop,
          guppyfry_orc_lava_fort

Skill      XL: |  1  2  3  4  5  6  7  8  9 10 11 12 13 14 |
---------------+-------------------------------------------+-----
Fire Magic     | 3 4 5 6 7 8 9 10 11 | 11.8
Conjurations   | 2 3 4 5 6 7 8 9 10 11 12 | 12.5
Spellcasting   | 3 4 5 6 7 8 9 10 11 | 11.8
Shields        | 2 4 |  4.0
Evocations     | 2 3 4 5 6 7 8 |  8.2
Dodging        | 2 3 5 6 |  6.6
Invocations    | 2 4 6 7 9 |  9.0
Fighting       | 1 3 5 6 |  6.8
Stealth        | |  1.7

Action                   |  1- 3 |  4- 6 |  7- 9 | 10-12 | 13-15 || total
-------------------------+-------+-------+-------+-------+-------++-------
Melee: Club              |    56 |       |       |       |       ||    56
       Unarmed           |     2 |       |       |       |       ||     2
       Dagger            |     2 |    25 |   309 |       |       ||   336
       Spear             |       |       |    31 |   133 |   307 ||   471
       Hand axe          |       |       |     6 |    47 |       ||    53
       Staff             |       |       |     2 |    51 |    19 ||    72
Throw: Dart              |       |       |       |     1 |     7 ||     8
 Cast: Foxfire           |    64 |    60 |   264 |   245 |   155 ||   788
       Sticky Flame      |       |     1 |    44 |   114 |   111 ||   270
       Fireball          |       |       |       |    69 |   175 ||   244
Invok: Channel Magic     |       |       |       |     3 |    15 ||    18
 Abil: Evoke Blink       |       |       |       |       |     7 ||     7
Evoke: Wand              |       |       |     8 |       |       ||     8
       Lightning rod     |       |       |       |       |     1 ||     1
  Use: Scroll            |       |       |    12 |     8 |    11 ||    31
       Potion            |       |       |       |       |     4 ||     4
 Stab: Sleeping          |       |     1 |     1 |       |       ||     2
       Paralysed         |       |       |     4 |       |       ||     4
       Distracted        |       |       |       |       |     2 ||     2
  Eat: Chunk             |     3 |     5 |    19 |    37 |    45 ||   109
       Ration            |       |       |     1 |     3 |     5 ||     9
Armor: Robe              |    13 |    10 |    64 |    46 |   109 ||   242
Dodge: Dodged            |    57 |    28 |   176 |   180 |   263 ||   704
       Deflected         |       |       |       |       |     9 ||     9
Block: Other             |       |       |    26 |       |       ||    26
       Buckler           |       |       |    28 |   139 |   220 ||   387
       Reflection        |       |       |       |     8 |    12 ||    20

Table legend:
 A = Non-vault XP
 B = Vault XP
 C = Vault XP percentage of total XP
 D = Non-vault monster count
 E = Vault monster count
 F = Vault count percentage of total count
                 A         B        C        D         E       F
            +---------+---------+-------+---------+---------+-------
      Total |   54652 |   39056 |  41.7 |     435 |     195 |  31.0
            +---------+---------+-------+---------+---------+-------
        D:1 |      35 |       0 |   0.0 |      20 |       0 |   0.0
        D:2 |     101 |       0 |   0.0 |      20 |       0 |   0.0
        D:3 |      79 |       0 |   0.0 |      19 |       0 |   0.0
        D:4 |     291 |     285 |  49.5 |       8 |       4 |  33.3
        D:5 |     965 |       0 |   0.0 |      29 |       0 |   0.0
        D:6 |    1170 |       0 |   0.0 |      27 |       0 |   0.0
        D:7 |     928 |      39 |   4.0 |      24 |       1 |   4.0
        D:8 |    1537 |    1343 |  46.6 |      25 |       4 |  13.8
        D:9 |    4889 |    1343 |  21.6 |      33 |      11 |  25.0
       D:10 |    7521 |     886 |  10.5 |      44 |       3 |   6.4
       D:11 |    5105 |    1450 |  22.1 |      31 |      10 |  24.4
     Lair:1 |    5242 |       0 |   0.0 |      21 |       0 |   0.0
     Lair:2 |    1077 |       0 |   0.0 |       5 |       0 |   0.0
     Lair:3 |    7130 |     265 |   3.6 |      25 |       1 |   3.8
     Lair:4 |    6059 |    1234 |  16.9 |      27 |      10 |  27.0
     Lair:5 |    5907 |     568 |   8.8 |      25 |       2 |   7.4
     Lair:6 |    2221 |    9000 |  80.2 |       8 |      25 |  75.8
    Slime:1 |     512 |       0 |   0.0 |       2 |       0 |   0.0
      Orc:2 |    3883 |   11827 |  75.3 |      42 |      65 |  60.7
    Ossuary |       0 |     149 | 100.0 |       0 |      16 | 100.0
      IceCv |       0 |   10667 | 100.0 |       0 |      43 | 100.0
            +---------+---------+-------+---------+---------+-------
